 Dungeon Crawl Stone Soup version 0.31-a0-1308-ga3cce3a448 (webtiles) character file.

Game seed: 6629683409401150310

3568 Monkooky the Basher (level 9, -6/56 HPs)
             Began as an Armataur Chaos Knight on Dec 19, 2023.
             Was a Plaything of Xom.
             Killed by divine providence
             ... invoked by an orc priest
              (13 damage)
             ... on level 8 of the Dungeon.
             The game lasted 00:20:49 (7273 turns).

Monkooky the Basher (Armataur Chaos Knight)         Turns: 7273, Time: 00:20:50

Health: -6/56      AC:  9    Str: 24    XL:     9   Next: 84%
Magic:  9/9        EV:  9    Int: 11    God:    Xom [....*.]
Gold:   479        SH:  0    Dex: 13    Spells: 8/8 levels left

rFire   . . .        n - +0 dire flail
rCold   . . .        (shield currently unavailable)
rNeg    . . .        b - +2 leather armour
rPois   .            o - +0 helmet
rElec   .            (no cloak)
rCorr   .            F - +0 pair of gloves
SInv    .            (no barding)
Will    .....        (no amulet)
Stlth   +            (no ring)
HPRegen 0.94/turn    (no ring)
MPRegen 0.44/turn

%: roll
@: no status effects
A: large, deformed body, tough skin 3, armoured tail, roll 2, long tongue, agile
1, frail 1, strong 1
a: Renounce Religion


You were on level 8 of the Dungeon.
You worshipped Xom.
You were a beloved toy of Xom.
You visited 1 branch of the dungeon, and saw 8 of its levels.

You collected 479 gold pieces.

Inventory:

Hand Weapons
 a - a +0 mace of chaos
 n - a +0 dire flail (weapon)
Missiles
 d - 6 curare-tipped darts (quivered)
Armour
 b - a +2 leather armour (worn)
 i - an orb of mayhem
 o - a +0 helmet (worn)
 p - a +1 scale mail of cold resistance
 B - a +0 chain mail
 F - a +0 pair of gloves (worn)
Jewellery
 m - an amulet of magic regeneration
 r - a ring of ice
Wands
 s - a wand of digging (3)
 t - a wand of polymorph (9)
 v - a wand of charming (3)
 D - a wand of acid (20)
 G - a wand of iceblast (10)
Scrolls
 c - a scroll of butterflies
 e - a scroll of silence
 k - 3 scrolls of vulnerability
 u - 2 scrolls of teleportation
 w - 2 scrolls of enchant armour
 x - a scroll of noise
 y - a scroll of blinking
 z - a scroll of brand weapon {unknown}
 A - a scroll of amnesia {unknown}
 E - 2 scrolls of enchant weapon {unknown}
Potions
 f - a potion of enlightenment
 g - a potion of cancellation
 h - a potion of brilliance
 j - a potion of might
 l - a potion of resistance
 q - a potion of lignification
 C - a potion of attraction


   Skills:
 - Level 3.0 Fighting
 + Level 11.6 Maces & Flails
 - Level 5.6 Throwing
 - Level 3.0 Armour
 - Level 1.1 Dodging


You had 8 spell levels left.
You didn't know any spells.
Your spell library contained the following spells:

 Spells                   Type           Power      Damage    Failure   Level
 Sandblast                Erth           0%         2d4       38%         1
 Slow                     Hex            0%         N/A       38%         1
 Passwall                 Tmut/Erth      0%         N/A       52%         2
 Wereblood                Tmut           0%         N/A       52%         2
 Confusing Touch          Hex            0%         N/A       77%         3
 Sigil of Binding         Hex            0%         N/A       77%         3
 Stone Arrow              Conj/Erth      0%         3d7       77%         3
 Vampiric Draining        Necr           0%         2d6       77%         3
 Brom's Barrelling Bould  Conj/Erth      0%         2d3       99%         4
 Irradiate                Conj/Tmut      0%         3d11      100%        5


Dungeon Overview and Level Annotations

Branches:
Dungeon (8/15)             Temple (0/1) D:5
   Lair: D:8-11

Altars:
Ashenzari
Elyvilon
Gozag
Hepliaklqana
Kikubaaqudgha
Xom

Shops:
D:6 [

Annotations:
D:2 exclusion: downstairs
D:5 3 runed translucent doors, jlumianski's ghost, novice GnSh


Innate Abilities, Weirdness & Mutations

Armour fits poorly on your strangely shaped body.
You have extremely tough skin. (AC +3)
You have a long armoured tail.
You regenerate magic and health when rolling toward enemies. (Rampage Regen)
Your long tongue fully drains potion bottles. (2x potion effects)
You are agile. (Dex +4, Str/Int -1)
You are frail. (-10% HP)
Your muscles are strong. (Str +4, Int/Dex -1)


Message History

You barely miss the orc priest.
The orc priest is heavily wounded. "Go forth and destroy!"
You feel much better.
A wyvern comes into view.
The orc barely misses you.
The orc priest mumbles some strange prayers to Beogh against you.
Beogh smites you!
An orc comes into view. It is wielding a +0 short sword.
The orc warrior hits you with a +0 hand axe!
The orc warrior attacks as it pursues you!
The orc warrior hits you but does no damage.
Aiming: Iceblast
Press: ? - help, Shift-Dir - straight line, f - orc priest
Aim: an orc priest, wielding a +0 club and wearing a +0 ring mail The mass of ice explodes!
The iceblast engulfs the orc priest!
The orc priest is severely wounded.
The iceblast engulfs the orc!
You kill the orc!
You hear an angry hiss.
The orc priest calls upon Beogh to heal the orc priest.
The orc priest is healed somewhat.
The orc warrior hits you with a +0 hand axe.
The orc wizard gestures wildly while chanting.
The orc wizard flickers and vanishes!
The orc priest hits you but does no damage.
The orc priest hits you from afar with a +0 trident.
The orc priest looks braver for a moment.
The orc priest attacks as it pursues you!
The orc priest hits you from afar with a +0 trident!
The orc priest calls down the wrath of Beogh upon you.
Beogh smites you!
* * * LOW HITPOINT WARNING * * *
The orc warrior attacks as it pursues you!
The orc warrior hits you with a +0 hand axe!
* * * LOW HITPOINT WARNING * * *
The orc priest invokes the aid of Beogh against you.
Beogh smites you!
You die...
Xom giggles madly!

..###.# #. ## #.#.#.###
#.###.#.#.#...#.#.###
..#.#.#...........#.##
#.......##.....##....#
$...#......o........#.#
....#....#.###.#....#
....#........o.o@...#.#
#.....?.##.)o..##.......
..#.#.#.....oo....#.#.##
#.#...#.#.#...#.#.#...#
..........#.#(#k........
##.....##.......##.....#
............#...........
.#.###.#....#....#.###.
............#.....k


You could see an orc warrior, 2 orc priests and 2 orcs.

Vanquished Creatures
  Jeremiah (D:6)
  A wyvern (D:7)
  Menkaure (D:6)
  3 water moccasins
  An ice beast (D:5)
  A sky beast (D:7)
  A black bear (D:5)
  3 ogres (D:6)
  Blork the orc (D:5)
  A bullfrog (D:7)
  A kobold brigand (D:6)
  4 scorpions
  A wyvern zombie (D:6)
  A necrophage (D:6)
  7 wights
  3 howler monkeys
  A bullfrog zombie (D:6)
  5 hounds
  4 orc priests
  A human zombie (D:6)
  Natasha (thrice) (D:3)
  2 orc wizards
  7 iguanas
  4 killer bee zombies (D:6)
  A mummy (D:6)
  3 gnolls (D:5)
  6 adders
  3 white imps
  2 ufetubi (D:5)
  3 worms
  3 dart slugs
  7 orcs
  4 bats
  4 endoplasms
  4 giant cockroaches
  6 goblins
  7 hobgoblins
  11 kobolds
  4 quokkas
  8 ball pythons
  3 frilled lizards
  6 rats
143 creatures vanquished.

Vanquished Creatures (collateral kills)
  A water moccasin (D:8)
  A necrophage (D:6)
  A bullfrog zombie (D:6)
  An orc wizard (D:8)
  An adder (D:6)
  4 orcs (D:7)
  A kobold (D:6)
10 creatures vanquished.

Grand Total: 153 creatures vanquished

Notes
Turn   | Place    | Note
-------+----------+-------------------------------------------
     0 | D:1      | Monkooky the Armataur Chaos Knight began the quest for the
                  | Orb.
     0 | D:1      | Reached XP level 1. HP: 17/17 MP: 1/1
   120 | D:1      | XOM: potion effect (berserk rage)
   122 | D:1      | Reached XP level 2. HP: 23/23 MP: 2/2
   184 | D:1      | Reached skill level 1 in Dodging
   215 | D:1      | XOM: 1-stop teleportation journey
   549 | D:1      | XOM: silly message
   667 | D:2      | Reached skill level 3 in Maces & Flails
   794 | D:2      | Reached XP level 3. HP: 10/29 MP: 3/3
   817 | D:2      | XOM: silly message
  1133 | D:2      | XOM: silly message
  1188 | D:2      | Reached skill level 1 in Throwing
  1500 | D:3      | XOM is BORED!
  1500 | D:3      | XOM: 2-stop teleportation journey
  1709 | D:3      | Noticed Natasha
  1713 | D:3      | Killed Natasha
  1714 | D:3      | Reached XP level 4. HP: 27/35 MP: 4/4
  1779 | D:3      | Found an opulent altar of Gozag.
  1801 | D:3      | XOM is BORED!
  1801 | D:3      | XOM: noise
  1866 | D:3      | Noticed Natasha
  1871 | D:3      | Killed Natasha
  1902 | D:3      | XOM: silly message
  1954 | D:3      | XOM: 3-stop teleportation journey
  1991 | D:3      | Noticed Natasha
  1997 | D:3      | Killed Natasha
  1998 | D:3      | Reached XP level 5. HP: 36/41 MP: 5/5
  2063 | D:3      | XOM: noise
  2253 | D:3      | XOM: draining
  2359 | D:3      | XOM: summons 3 hostile demons
  2547 | D:4      | XOM: give mutations
  2547 | D:4      | Gained mutation: You are agile. (Dex +4, Str/Int -1) [Xom's
                  | mischief]
  2547 | D:4      | Gained mutation: Your muscles are strong. (Str +4, Int/Dex
                  | -1) [Xom's mischief]
  2547 | D:4      | Gained mutation: You are frail. (-10% HP) [Xom's mischief]
  2557 | D:4      | XOM: confusion
  2694 | D:4      | Found a shimmering altar of Xom.
  3023 | D:4      | Found a hazy altar of Hepliaklqana.
  3070 | D:4      | Reached XP level 6. HP: 42/42 MP: 6/6
  3559 | D:5      | Entered Level 5 of the Dungeon
  3608 | D:5      | XOM: torment (22/42 hp)
  3677 | D:5      | XOM: 1-stop teleportation journey
  3730 | D:5      | XOM: silly message
  3757 | D:5      | XOM: potion effect (invisibility)
  3770 | D:5      | Reached skill level 5 in Throwing
  3838 | D:5      | Found a runed translucent gate.
  3838 | D:5      | Found a runed translucent gate.
  3838 | D:5      | Found a runed translucent gate.
  3841 | D:5      | Noticed jlumianski's ghost (novice GnSh)
  3841 | D:5      | XOM: blink monster(s)
  3842 | D:5      | Identified the +1 ring mail of Starshine {*Slow +Blink
                  | Int+4 Dex+2 SInv}
  3848 | D:5      | XOM: silly message
  4048 | D:5      | Noticed Blork the orc
  4068 | D:5      | Killed Blork the orc
  4069 | D:5      | Gained mutation: You regenerate magic and health when
                  | rolling toward enemies. (Rampage Regen) [Armataur growth]
  4069 | D:5      | Reached XP level 7. HP: 21/46 MP: 7/7
  4250 | D:5      | Found a staircase to the Ecumenical Temple.
  4255 | D:5      | XOM: potion effect (attraction)
  4261 | D:5      | Reached skill level 4 in Maces & Flails
  4391 | D:5      | Reached skill level 5 in Maces & Flails
  4765 | D:6      | Reached skill level 6 in Maces & Flails
  4782 | D:6      | XOM: confuse monster(s)
  4785 | D:6      | Reached XP level 8. HP: 52/52 MP: 8/8
  4917 | D:6      | Reached skill level 7 in Maces & Flails
  5151 | D:6      | XOM: silly message
  5165 | D:6      | Found Naivutad's Armour Shop.
  5168 | D:6      | Noticed Jeremiah
  5174 | D:6      | XOM: potion effect (berserk rage)
  5181 | D:6      | Killed Jeremiah
  5182 | D:6      | Reached skill level 8 in Maces & Flails
  5205 | D:6      | XOM: silly message
  5400 | D:6      | Noticed Menkaure
  5404 | D:6      | XOM: potion effect (haste)
  5409 | D:6      | Killed Menkaure
  5410 | D:6      | Reached skill level 9 in Maces & Flails
  5423 | D:6      | Reached XP level 9. HP: 56/56 MP: 9/9
  5484 | D:6      | XOM: silly message
  5567 | D:6      | XOM: cast spell 'Olgreb's Toxic Radiance'
  5574 | D:6      | Found an ancient bone altar of Kikubaaqudgha.
  5583 | D:6      | XOM: silly message
  5919 | D:7      | Reached skill level 10 in Maces & Flails
  6181 | D:7      | XOM: summons friendly ufetubus
  6313 | D:7      | XOM: cast spell 'Death Channel'
  6327 | D:7      | XOM: 3-stop teleportation journey
  6408 | D:7      | Found a broken altar of Ashenzari.
  6577 | D:7      | XOM: cloud trail
  6595 | D:7      | XOM: potion effect (invisibility)
  6599 | D:7      | Reached skill level 11 in Maces & Flails
  6965 | D:8      | Found a white marble altar of Elyvilon.
  6965 | D:8      | XOM: 8-stop teleportation journey
  6966 | D:8      | XOM: summons 9 friendly demons
  7180 | D:8      | XOM: summons 1 hostile demon
  7267 | D:8      | XOM: potion effect (heal wounds)
  7273 | D:8      | Killed from afar by an orc priest

Illustrated notes

Levels and vault maps discovered:
D:1:      mrwooster_arrival_statue_3, layout_rooms
D:2:      layout_basic, minmay_octomino_c4
D:3:      layout_loops_ring, nicolae_gozag_cash_rules_everything_around_me,
          serial_bayou, serial_bayou_pond_e, serial_bayou_lagoon_b,
          serial_bayou_lagoon_a, serial_bayou_pond_a, serial_bayou_shore_a,
          serial_bayou_pond_b, uniq_natasha
D:4:      layout_basic, nzn_hepliaklqana_mist_gate, mainiacjoe_overflow_alcove_2
D:5:      layout_gridville, temple_statues, biasface_ghost_orc_armoury,
          uniq_blork_the_orc
D:6:      layout_gridville, lemuel_mausoleum_altar_kikubaaqudgha, serial_shops,
          nicolae_shop_hallway_plus, uniq_menkaure, uniq_jeremiah
D:7:      layout_basic, evilmike_ruin_ashenzari, chequers_mini_garden
D:8:      nicolae_cairo_tiling_large_dashed, layout_loops_cross,
          elyvilon_altar_1, nicolae_wu_jian_wuxing_cycle, kennysheep_mini_moat

Skill      XL: |  1  2  3  4  5  6  7  8  9 |
---------------+----------------------------+-----
Dodging        | 1 |  1.1
Maces & Flails | 3 6 9 11 | 11.6
Fighting       | 3 |  3.0
Armour         | 3 |  3.0
Throwing       | 2 3 4 5 |  5.6

Action                     |  1- 3 |  4- 6 |  7- 9 || total
---------------------------+-------+-------+-------++-------
  Melee: Mace              |   107 |   126 |   112 ||   345
         Tailslap          |    10 |    13 |    36 ||    59
         Unarmed           |       |     5 |       ||     5
         Punch             |       |       |     1 ||     1
         Dire flail        |       |       |   207 ||   207
  Throw: Dart              |       |     7 |     5 ||    12
  Evoke: Wand              |       |     1 |     1 ||     2
    Use: Potion            |     1 |     4 |     2 ||     7
         Scroll            |       |       |    14 ||    14
   Stab: Invisible         |       |     1 |       ||     1
         Petrified         |       |       |     3 ||     3
         Confused          |       |       |     1 ||     1
         Sleeping          |       |       |     3 ||     3
         Distracted        |       |       |     2 ||     2
 Armour: Leather armour    |    93 |   104 |   222 ||   419
         Skin              |       |     1 |       ||     1
  Dodge: Dodged            |    61 |    72 |   113 ||   246

Table legend: (Time is in decaauts)
 A = Elapsed time spent in this place.
 B = Non-inter-level travel time spent in this place.
 C = Inter-level travel time spent in this place.
 D = Time resting spent in this place.
 E = Time spent auto-exploring this place.
 F = Levels seen in this place.
 G = Mean time per level.
                   A        B        C        D        E       F      G
               +--------+--------+--------+--------+--------+-----+--------+
         Total |   7308 |   7023 |    285 |    144 |   5327 |   8 |  913.5 |
       Dungeon |   7308 |   7023 |    285 |    144 |   5327 |   8 |  913.5 |
               +--------+--------+--------+--------+--------+-----+--------+

Top non-repeatable levels by time:
     D:5: 1189 daAuts
     D:4: 1133 daAuts
     D:7: 1083 daAuts
     D:6: 1064 daAuts
     D:2: 975 daAuts
     D:3: 877 daAuts
     D:1: 643 daAuts
     D:8: 342 daAuts
